 Dungeon Crawl Stone Soup version 0.25-a0-1073-gf4359a17dd (webtiles) character file.

Game seed: 945578349348284909, levelgen mode: deterministic

63 Flugslaktarn the Shield-Bearer (level 4, -3/24 HPs)
             Began as a Vine Stalker Fighter on May 14, 2020.
             Slain by Sigmund
             ... wielding a +2 antimagic scythe
              (7 damage)
             ... on level 2 of the Dungeon.
             The game lasted 00:00:58 (1714 turns).

Flugslaktarn the Shield-Bearer (VSFi)               Turns: 1714, Time: 00:00:59

Health: -3/24      AC:  6    Str: 19      XL:     4   Next: 10%
Magic:  0/5        EV:  7    Int: 10 (12) God:
Gold:   59         SH:  9    Dex: 12 (14) Spells: 3/3 levels left

rFire    . . .     SeeInvis .   a - +1 war axe
rCold    . . .     Gourm    .   c - +0 kite shield
rNeg     . . .     Faith    .   b - +0 scale mail
rPois    .         Spirit   +   (no helmet)
rElec    .         Reflect  .   (no cloak)
rCorr    .         Harm     .   (no gloves)
MR       .....                  (no boots)
Stlth    ..........             (no amulet)
HPRegen  0.48/turn              (no ring)
MPRegen  0.09/turn              (no ring)

@: no status effects
A: fangs 2, blurry vision 1, clever 2, regeneration 1, magic shield, antimagic
bite, no potion heal 3, rot immunity
a: no special abilities


You were on level 2 of the Dungeon.
You were not hungry.

You visited 1 branch of the dungeon, and saw 2 of its levels.

You collected 59 gold pieces.

Inventory:

Hand Weapons
 a - a +1 war axe (weapon)
Armour
 b - a +0 scale mail (worn)
 c - a +0 kite shield (worn)
Scrolls
 g - a scroll of enchant weapon
 r - a scroll of identify
Potions
 d - a potion of might
 h - a potion of haste
 m - a potion of berserk rage
Comestibles
 e - 6 rations
 f - 9 chunks of flesh


   Skills:
 + Level 3.1 Fighting
 * Level 2.7 Axes
 + Level 2.8 Armour
 + Level 3.1 Shields


You had 3 spell levels left.
You didn't know any spells.
Your spell library was empty.

Dungeon Overview and Level Annotations

Branches:
Dungeon (2/15)

Altars:

Annotations:
D:2 Sigmund


Innate Abilities, Weirdness & Mutations

You have extremely sharp teeth.
Your natural rate of healing is unusually fast.
When hurt, damage is shared between your health and your magic reserves.
Your bite disrupts and absorbs the magic of your enemies.
Potions cannot restore your health.
You are immune to rotting.
Scrolls take you a little longer to read.
Your mind is very acute. (Int +4)


Message History

Sigmund drinks a potion.
Sigmund seems to speed up.
You closely miss Sigmund. Your bite misses Sigmund.
Sigmund hits you with a +2 antimagic scythe.
You feel your power leaking away.
Sigmund hits you with a +2 antimagic scythe.
You feel your power leaking away.
Your shield and scale mail prevent you from hitting Sigmund.
Sigmund barely misses you.
You hit Sigmund but do no damage. Your bite misses Sigmund.
Sigmund casts a spell at you. You resist with some effort.
Sigmund casts a spell at you. The magic dart hits you.
You barely miss Sigmund. Sigmund barely misses you.
Your shield prevents you from hitting Sigmund.
Sigmund hits you with a +2 antimagic scythe!
Ouch! That really hurt!
* * * LOW HITPOINT WARNING * * *
Sigmund hits you with a +2 antimagic scythe!
You die...

#...>.....#.#...........#
#....##...#.#.#######>..#
..#.#.......#
###.#######.
###.........# #.........
###.......# ###..#######
###...### ####
#...<######## #...# ..#
##(#.!.......# ##.## #@#
#....÷÷......# #.# #@#
#.###...###..# ### #.#
#.###.# #...# #..# ..#
#.# #.##..###...###..#
#.# #.#
#............)...# #.#
#.# ####.............#
#.# #.## #........)....#
#.# ###..#####
#..###...###..# #.#
#........# #..# #...#
#..# #[# #...⌠..#.#
#..###...###..#


You could see Sigmund (fast).

Vanquished Creatures
  2 adders (D:2)
  2 worms (D:2)
  A leopard gecko (D:2)
  3 giant cockroaches
  A goblin (D:2)
  6 hobgoblins
  A jackal (D:1)
  3 kobolds (D:1)
  2 quokkas (D:2)
  10 bats
  3 frilled lizards
  4 rats
38 creatures vanquished.

Notes
Turn   | Place    | Note
-------+----------+-------------------------------------------
     0 | D:1      | Flugslaktarn the Vine Stalker Fighter began the quest for
                  | the Orb.
     0 | D:1      | Reached XP level 1. HP: 11/11 MP: 2/2
   143 | D:1      | Reached XP level 2. HP: 11/16 MP: 3/3
   860 | D:2      | Reached XP level 3. HP: 15/19 MP: 2/4
  1445 | D:2      | Gained mutation: Your mind is acute. (Int +2) [potion of
                  | mutation]
  1445 | D:2      | Gained mutation: Scrolls take you a little longer to read.
                  | [potion of mutation]
  1445 | D:2      | Gained mutation: Your mind is very acute. (Int +4) [potion
                  | of mutation]
  1597 | D:2      | Gained mutation: Your natural rate of healing is unusually
                  | fast. [Vine Stalker growth]
  1597 | D:2      | Reached XP level 4. HP: 21/24 MP: 3/5
  1706 | D:2      | Noticed Sigmund
  1714 | D:2      | Slain by Sigmund

Illustrated notes

Levels and vault maps discovered:
D:1:      minmay_arrival_four_circles, layout_basic, minmay_misc_feat_five,
          hangedman_decor_clover_reticule, minmay_distorted
D:2:      layout_loops_ring, minmay_misc_feat_cross, hangedman_feature_mirror,
          kennysheep_generic_room_2, uniq_sigmund, uniq_natasha

Skill      XL: |  1  2  3 |
---------------+----------+-----
Axes           | 2 |  2.7
Fighting       | 3 |  3.1
Shields        | 3 |  3.1
Armour         | |  2.8

Action                   |  1- 3 |  4- 6 || total
-------------------------+-------+-------++-------
Melee: War axe           |   107 |    13 ||   120
       Bite              |    25 |     2 ||    27
  Use: Potion            |     6 |       ||     6
       Scroll            |     2 |       ||     2
  Eat: Chunk             |     2 |     1 ||     3
Armor: Scale mail        |    64 |     1 ||    65
Dodge: Dodged            |    52 |     6 ||    58
Block: Kite shield       |    67 |     4 ||    71

Table legend:
 A = Non-vault XP
 B = Vault XP
 C = Vault XP percentage of total XP
 D = Non-vault monster count
 E = Vault monster count
 F = Vault count percentage of total count
                 A         B        C        D         E       F
            +---------+---------+-------+---------+---------+-------
      Total |      87 |       4 |   4.4 |      35 |       3 |   7.9
            +---------+---------+-------+---------+---------+-------
        D:1 |      25 |       4 |  13.8 |      16 |       3 |  15.8
        D:2 |      62 |       0 |   0.0 |      19 |       0 |   0.0
            +---------+---------+-------+---------+---------+-------
